 Dungeon Crawl Stone Soup version 0.28.0-47-ge53b351184 (webtiles) character file.

Game seed: 9034315055442550263

26 Keeper01 the Chopper (level 2, 16/37 HPs)
             Began as a Minotaur Gladiator on May 9, 2022.
             Quit the game on level 1 of the Dungeon.
             The game lasted 00:09:36 (580 turns).

Keeper01 the Chopper (Minotaur Gladiator)            Turns: 580, Time: 00:09:37

Health: 16/37      AC: 21    Str: 18    XL:     2   Next: 89%
Magic:  1/1        EV:  2    Int:  5    God:
Gold:   40         SH:  0    Dex: 11    Spells: 1/1 levels left

rFire   . . .      SeeInvis .   a - +0 war axe
rCold   . . .      Faith    .   (no shield)
rNeg    . . .      Spirit   .   (armour currently unavailable)
rPois   +          Reflect  .   (helmet currently unavailable)
rElec   .          Harm     .   (cloak currently unavailable)
rCorr   .          Rampage  .   (gloves currently unavailable)
Will    .....      NoTele   +   (boots currently unavailable)
Stlth   +.........              (no amulet)
HPRegen 0.12/turn               (no ring)
MPRegen 0.07/turn               (no ring)

@: tree-form
A: stationary, stasis, torment immunity, boosted hp, (horns 2), (retaliatory
headbutt)
a: no special abilities


You were on level 1 of the Dungeon.
You were a tree.
You visited 1 branch of the dungeon, and saw 1 of its levels.

You collected 40 gold pieces.

Inventory:

Hand Weapons
 a - a +0 war axe (weapon)
Missiles
 d - 3 throwing nets (quivered)
 f - 18 sling bullets
Armour
 b - a +0 leather armour (melded)
 c - a +0 hat (melded)


   Skills:
 + Level 2.6 Fighting
 + Level 4.3 Axes
 + Level 2.0 Throwing
 + Level 0.3 Armour
 + Level 3.8 Dodging


You had one spell level left.
You didn't know any spells.
Your spell library was empty.

Dungeon Overview and Level Annotations

Branches:
Dungeon (1/15)

Altars:


Innate Abilities, Weirdness & Mutations

You are a tree.
Your roots penetrate the ground, keeping you stationary.
You cannot be teleported.
You are immune to unholy pain and torment.
Your maximum health is greatly increased.
Your equipment is partially melded.
((You have a pair of horns on your head.))
((You reflexively headbutt those who attack you in melee.))


Message History

You cannot move.
You cannot move.
You cannot move.
You cannot move.
You cannot move.
You cannot move.
You cannot move.
You cannot move.
You cannot move.
You cannot move.
You cannot move.
You cannot move.
You cannot move.
You cannot move.
You cannot move.
You cannot move.
You cannot move.
You cannot move.
You cannot move.
You cannot move.
You cannot move.
You cannot move.
You cannot move.
You cannot move.
You cannot move.
You cannot move.
You cannot move.
You cannot move.
You cannot move.
There are no items here.
You cannot move.
There are no items here.
There are no items here.
You cannot move.
You cannot move.
You cannot move.
You cannot move.
You cannot move.
You cannot move.
Are you sure you want to abandon this character and quit the game? (Confirm with "yes".)

.......###.# ..#
###.....##.#######.##
#................#
#................#
##.#.##...........#
###.......#.........#
.....#...##.........#
.##.....###.........#
.#....### #.....♣...#
.....## ###########
..##.# .###.######
..........##
...........##
............#
.†..........#
...>........#


There were no monsters in sight!

Vanquished Creatures
  A dart slug (D:1)
  2 ball pythons (D:1)
  2 bats (D:1)
  2 endoplasms (D:1)
  A giant cockroach (D:1)
  A goblin (D:1)
  2 hobgoblins (D:1)
  2 jackals (D:1)
  2 kobolds (D:1)
  3 quokkas (D:1)
  A frilled lizard (D:1)
  A rat (D:1)
20 creatures vanquished.

Notes
Turn   | Place    | Note
-------+----------+-------------------------------------------
     0 | D:1      | Keeper01 the Minotaur Gladiator began the quest for the
                  | Orb.
     0 | D:1      | Reached XP level 1. HP: 18/18 MP: 0/0
    20 | D:1      | Found a faded altar of an unknown god.
   129 | D:1      | Reached skill level 4 in Axes
   139 | D:1      | Reached XP level 2. HP: 7/25 MP: 1/1
   580 | D:1      | Quit the game

Illustrated notes

Levels and vault maps discovered:
D:1:      minmay_arrival_plants_in_alcoves, layout_rooms,
          ebering_ecumenical_altar_hall, kennysheep_another_room

Skill      XL: |  1 |
---------------+----+-----
Axes           | 4 |  4.3
Fighting       | |  2.6
Throwing       | |  2.0
Armour         | |  0.3
Dodging        | |  3.8

Action                   || total
-------------------------++-------
Melee: War axe           ||    31
       Headbutt          ||     8
       Punch             ||     1
  Use: Scroll            ||     2
       Potion            ||     1
Armor: Leather armour    ||    14
Dodge: Dodged            ||    41
